 Dungeon Crawl Stone Soup version 0.21.1-1-g345015f (webtiles) character file.

16277 wilfster70 the Covert (level 12, -13/91 HPs)
             Began as a Gnoll Enchanter on June 12, 2018.
             Was a Priest of Wu Jian.
             Mangled by a catoblepas (24 damage)
             ... on level 4 of the Lair of Beasts.
             The game lasted 01:05:31 (14624 turns).

wilfster70 the Covert (Gnoll Enchanter)            Turns: 14624, Time: 01:05:32

Health: -13/91     AC: 14    Str: 12    XL:     12   Next: 35%
Magic:  22/24      EV: 14    Int: 26    God:    Wu Jian [***...]
Gold:   728        SH: 10    Dex: 15    Spells: 21/28 levels left

rFire    . . .     SeeInvis .   a - +1 dagger (venom)
rCold    . . .     Gourm    .   J - +0 shield
rNeg     . . .     Faith    .   m - +0 ring mail
rPois    .         Spirit   .   (no helmet)
rElec    .         Reflect  .   q - +2 cloak {+Inv}
rCorr    .         Harm     .   R - +1 pair of gloves
MR       .....                  y - +1 pair of boots
Stlth    ++++......             P - amulet of regeneration
HPRegen  0.65/turn              j - ring of wizardry
MPRegen  0.19/turn              x - +4 ring of intelligence

@: lethally poisoned (-13 -> -13)
A: distributed training, fangs 1, strong nose
a: Wall Jump, Serpent's Lash, Renounce Religion, Evoke Invisibility


You were on level 4 of the Lair of Beasts.
You worshipped Wu Jian.
Wu Jian was most pleased with you.
You were not hungry.

You visited 3 branches of the dungeon, and saw 14 of its levels.

You collected 728 gold pieces.

Inventory:

Hand Weapons
 a - a +1 dagger of venom (weapon)
 b - the +3 morningstar of Pownot {venom, rN+ Int+6}
   (You found it on level 8 of the Dungeon)

   It poisons the flesh of those it strikes.
   It affects your intelligence (+6).
   It protects you from negative energy.
 w - a +0 blowgun
 E - a +0 hunting sling
Missiles
 g - 359 stones (quivered)
 i - 6 curare-tipped needles
 r - 172 sling bullets
 s - 43 poisoned needles
 L - 231 arrows
Armour
 m - a +0 ring mail (worn)
 q - a +2 cloak of invisibility (worn)
 y - a +1 pair of boots (worn)
 J - a +0 shield (worn)
 M - the cursed +0 robe of the Invisible Hand {Str+2 Int+4}
   (You found it on level 8 of the Dungeon)

   It affects your strength (+2).
   It affects your intelligence (+4).
   It has a curse placed upon it.
 R - a +1 pair of gloves (worn)
Jewellery
 j - a ring of wizardry (left hand)
 v - an uncursed ring of protection from cold
 x - a +4 ring of intelligence (right hand)
 P - an amulet of regeneration (around neck)
Wands
 p - a wand of acid (6)
 A - a wand of polymorph (16)
 C - a wand of random effects (19)
 D - a wand of paralysis (12)
 T - a wand of iceblast (5)
 U - a wand of scattershot (6)
Scrolls
 e - 4 scrolls of remove curse
 k - 3 scrolls of teleportation
 H - 2 scrolls of magic mapping
Potions
 h - 3 potions of ambrosia
 n - a potion of lignification
 o - a potion of invisibility
 t - 2 potions of resistance
 u - 4 potions of curing
 z - 2 potions of mutation {unknown}
 B - 2 potions of flight
 F - a potion of might {unknown}
 G - 4 potions of heal wounds {unknown}
 K - 2 potions of brilliance {unknown}
 S - a potion of berserk rage {unknown}
Books
 c - a book of Maledictions

   Spells                             Type                      Level
   a - Corona                         Hexes                        1
   b - Ensorcelled Hibernation        Hexes/Ice                    2
   c - Confuse                        Hexes                        3
   d - Tukima's Dance                 Hexes                        3
   e - Dazzling Spray                 Conjuration/Hexes            3
 f - a book of Misfortune

   Spells                             Type                      Level
   a - Confusing Touch                Hexes                        1
   b - Confuse                        Hexes                        3
   c - Gell's Gravitas                Translocation                3
   d - Petrify                        Transmutation/Earth          4
   e - Metabolic Englaciation         Hexes/Ice                    5
   f - Yara's Violent Unravelling     Hexes/Transmutation          5
 I - a book of Changes

   Spells                             Type                      Level
   a - Beastly Appendage              Transmutation                1
   b - Sticks to Snakes               Transmutation                2
   c - Spider Form                    Transmutation/Poison         3
   d - Ice Form                       Ice/Transmutation            4
   e - Blade Hands                    Transmutation                5
Miscellaneous
 Q - a box of beasts
Comestibles
 d - 16 rations
 l - 9 chunks of flesh


   Skills:
 + Level 7.1 Fighting
 + Level 7.6 Short Blades
 + Level 7.1 Long Blades
 + Level 7.1 Axes
 + Level 7.1 Maces & Flails
 + Level 7.1 Polearms
 + Level 7.1 Staves
 + Level 7.1 Slings
 + Level 7.1 Bows
 + Level 7.1 Crossbows
 + Level 7.1 Throwing
 + Level 7.1 Armour
 + Level 8.5 Dodging
 + Level 9.3 Stealth
 + Level 7.1 Shields
 + Level 7.1 Unarmed Combat
 + Level 8.8 Spellcasting
 + Level 5.9 Conjurations
 + Level 8.1 Hexes
 + Level 5.9 Charms
 + Level 5.9 Summonings
 + Level 5.9 Necromancy
 + Level 5.9 Translocations
 + Level 5.9 Transmutations
 + Level 5.9 Fire Magic
 + Level 5.9 Ice Magic
 + Level 5.9 Air Magic
 + Level 5.9 Earth Magic
 + Level 5.9 Poison Magic
 + Level 7.7 Invocations
 + Level 7.1 Evocations


You had 21 spell levels left.
You knew the following spells:

 Your Spells              Type           Power        Failure   Level  Hunger
a - Sticks to Snakes      Tmut           #####...     1%          2    None
b - Ensorcelled Hibernat  Hex/Ice        #####.       1%          2    None
c - Confuse               Hex            ######..     1%          3    None


Dungeon Overview and Level Annotations

Branches:
Dungeon (9/15)             Temple (1/1) D:7            Lair (4/6) D:8
 Shoals (0/4) Lair:4
  Snake: Lair:2-4    Spider: Lair:2-4       Orc: D:9-12

Altars:
Ashenzari
Cheibriados
Dithmenos
Elyvilon
Fedhas
Gozag
Hepliaklqana
Kikubaaqudgha
Makhleb
Nemelex Xobeh
Okawaru
Qazlal
Ru
Sif Muna
Trog
Uskayaw
Vehumet
Wu Jian
Xom
Yredelemnul
Zin
The Shining One

Annotations:
D:7 inc's ghost, novice OpTm
D:9 Maurice; inc's ghost, novice OpVM
Lair:3 exclusion: oklob plant


Innate Abilities, Weirdness & Mutations

Your experience applies equally to all skills.
You have very sharp teeth.
Your uncanny sense of smell can sniff out nearby items.


Message History

The catoblepas breathes a plume of calcifying dust at you.
The blast of calcifying dust hits you!
* * * LOW HITPOINT WARNING * * *
You are engulfed in calcifying dust.
The catoblepas gores you but does no damage.
You are engulfed in calcifying dust.
The catoblepas breathes a plume of calcifying dust at you.
The blast of calcifying dust hits you!
The catoblepas breathes a plume of calcifying dust at you.
The blast of calcifying dust hits you!
* * * LOW HITPOINT WARNING * * *
You are engulfed in calcifying dust.
The catoblepas gores you.
* * * LOW HITPOINT WARNING * * *
You are engulfed in calcifying dust.
The catoblepas gores you!!
* * * LOW HITPOINT WARNING * * *
You turn to flesh and can move again.
You feel sick.
There is a stone staircase leading up here.
The catoblepas gores you!!
You die...

#.###...#####....##..####.# #..
...##...##.......##....#...# #..
....#.............#...#..... ##..
........##.......##....+...> #...
....P....#.......##....###..###..
........#...#.#......>...#...#...
#.##....#...#..#F#.....#.#+#.#...
###.#...........Y................
................@................
##.#.P#P###.##.###.##.P....#.##.#
######## ###### ######.#.#######
#####


You could see a catoblepas and a spiny frog.

Vanquished Creatures
  2 hydras
  Erica (Lair:2)
  4 elephants (Lair:4)
  2 black mambas
  Joseph (D:8)
  6 spiny frogs
  3 komodo dragons
  2 rime drakes
  A polar bear (Lair:4)
  5 hippogriffs
  3 blink frogs (Lair:1)
  4 hogs (D:8)
  4 basilisks
  A human (D:8)
  11 water moccasins
  5 porcupines
  2 ice beasts
  A necrophage (D:8)
  An orc warrior (D:9)
  A black bear (D:7)
  A sky beast (D:7)
  4 centaurs
  8 wolves
  5 ogres
  8 crocodiles
  8 bullfrogs
  3 scorpions
  3 howler monkeys (D:9)
  2 electric eels (Lair:3)
  A bullfrog zombie (D:7)
  5 orc priests
  A jelly (D:7)
  Crazy Yiuf (D:2)
  2 bullfrog skeletons
  3 hounds (D:5)
  6 orc wizards
  Ijyb (D:4)
  7 worker ants
  2 hound zombies (D:9)
  A worker ant zombie (D:6)
  3 gnolls (D:8)
  22 adders
  2 shadow imps
  An ooze (D:3)
  An adder zombie (D:8)
  An adder skeleton (D:8)
  4 worms
  2 dart slugs
  5 leopard geckos
  21 orcs
  2 ball pythons
  6 bats
  3 giant cockroaches
  6 hobgoblins
  3 jackals (D:2)
  A kobold (D:3)
  4 quokkas
  2 frilled lizards
  5 goblins
  A goblin zombie (D:9)
  A hobgoblin zombie (D:9)
  A leopard gecko skeleton (D:5)
  An orc zombie (D:9)
  3 rats
233 creatures vanquished.

Vanquished Creatures (others)
  A bush (Lair:3)
  6 fungi
  2 plants
9 creatures vanquished.

Grand Total: 242 creatures vanquished

Notes
Turn   | Place    | Note
-------+----------+-------------------------------------------
     0 | D:1      | wilfster70 the Gnoll Enchanter began the quest for the Orb.
     0 | D:1      | Reached XP level 1. HP: 13/13 MP: 6/6
   162 | D:1      | Reached XP level 2. HP: 13/19 MP: 7/7
   271 | D:1      | Learned a level 2 spell: Ensorcelled Hibernation
   915 | D:2      | Reached skill level 5 in Spellcasting
   915 | D:2      | Reached XP level 3. HP: 25/25 MP: 7/9
  1042 | D:2      | Found a burning altar of Makhleb.
  1182 | D:2      | Reached skill level 6 in Stealth
  1532 | D:2      | Reached skill level 1 in Invocations
  1667 | D:2      | Found a runed door.
  1671 | D:2      | Noticed Crazy Yiuf
  1675 | D:2      | Killed Crazy Yiuf
  1675 | D:2      | Reached skill level 1 in Fighting
  1675 | D:2      | Reached skill level 1 in Long Blades
  1675 | D:2      | Reached skill level 1 in Axes
  1675 | D:2      | Reached skill level 1 in Maces & Flails
  1675 | D:2      | Reached skill level 1 in Polearms
  1675 | D:2      | Reached skill level 1 in Staves
  1675 | D:2      | Reached skill level 1 in Slings
  1675 | D:2      | Reached skill level 1 in Bows
  1675 | D:2      | Reached skill level 1 in Crossbows
  1675 | D:2      | Reached skill level 1 in Throwing
  1675 | D:2      | Reached skill level 1 in Armour
  1675 | D:2      | Reached skill level 1 in Shields
  1675 | D:2      | Reached skill level 1 in Unarmed Combat
  1675 | D:2      | Reached skill level 1 in Evocations
  1675 | D:2      | Reached XP level 4. HP: 32/32 MP: 8/11
  1968 | D:3      | Noticed an ogre
  1974 | D:3      | Killed an ogre
  1974 | D:3      | Reached skill level 1 in Conjurations
  1974 | D:3      | Reached skill level 1 in Charms
  1974 | D:3      | Reached skill level 1 in Summonings
  1974 | D:3      | Reached skill level 1 in Necromancy
  1974 | D:3      | Reached skill level 1 in Translocations
  1974 | D:3      | Reached skill level 1 in Transmutations
  1974 | D:3      | Reached skill level 1 in Fire Magic
  1974 | D:3      | Reached skill level 1 in Ice Magic
  1974 | D:3      | Reached skill level 1 in Air Magic
  1974 | D:3      | Reached skill level 1 in Earth Magic
  1974 | D:3      | Reached skill level 1 in Poison Magic
  1974 | D:3      | Reached XP level 5. HP: 37/37 MP: 12/12
  2277 | D:3      | Found a hazy altar of Hepliaklqana.
  2313 | D:3      | Found a shimmering altar of Xom.
  2713 | D:4      | Found a white marble altar of Elyvilon.
  2742 | D:4      | Found a radiant altar of Vehumet.
  2804 | D:4      | Reached XP level 6. HP: 12/44 MP: 4/13
  3265 | D:4      | Noticed Ijyb
  3272 | D:4      | Paralysed by Ijyb for 6 turns
  3282 | D:4      | Killed Ijyb
  3722 | D:4      | Found a bloodstained altar of Trog.
  3728 | D:4      | Reached skill level 5 in Dodging
  3738 | D:4      | Learned a level 3 spell: Confuse
  3753 | D:5      | Entered Level 5 of the Dungeon
  3941 | D:5      | Noticed an ice beast
  3946 | D:5      | Killed an ice beast
  3946 | D:5      | Reached XP level 7. HP: 50/50 MP: 15/15
  4862 | D:5      | Reached XP level 8. HP: 57/57 MP: 16/16
  5529 | D:6      | You fall through a shaft!
  5529 | D:7      | Found a basalt altar of Yredelemnul.
  5639 | D:7      | Noticed inc's ghost (novice OpTm)
  5758 | D:7      | Reached skill level 7 in Stealth
  5888 | D:7      | Found a staircase to the Ecumenical Temple.
  5897 | Temple   | Entered the Ecumenical Temple
  6110 | Temple   | Became a worshipper of the Wu Jian Council
  6381 | D:6      | Reached XP level 9. HP: 65/65 MP: 18/18
  6850 | D:6      | Found a hide-covered altar of Uskayaw.
  7540 | D:8      | Found an iron altar of Okawaru.
  7540 | D:8      | Found a glowing golden altar of the Shining One.
  7540 | D:8      | Found an opulent altar of Gozag.
  7543 | D:8      | Found an ancient bone altar of Kikubaaqudgha.
  7594 | D:8      | Found an opulent altar of Gozag.
  7669 | D:8      | Got a thick robe
  7675 | D:8      | Found a staircase to the Lair.
  7675 | D:8      | Noticed a death yak
  7675 | D:8      | Noticed Joseph
  7676 | D:8      | Noticed a death yak
  7676 | D:8      | Noticed a death yak
  8003 | D:7      | Identified the cursed +0 robe of the Invisible Hand {Str+2 Int+4} (You found it on level 8 of the Dungeon)
  8587 | D:8      | Got a pitted morningstar
  8951 | D:8      | Killed Joseph
  8951 | D:8      | Reached skill level 5 in Short Blades
  9082 | D:8      | Reached * piety under Wu Jian
  9089 | D:8      | Reached skill level 5 in Invocations
  9532 | D:9      | Noticed inc's ghost (novice OpVM)
  9649 | D:9      | Reached XP level 10. HP: 73/73 MP: 20/20
  9692 | D:9      | Learned a level 2 spell: Sticks to Snakes
  9698 | D:9      | Noticed Maurice
  9982 | Lair:1   | Entered Level 1 of the Lair of Beasts
 10014 | Lair:1   | Reached skill level 5 in Fighting
 10014 | Lair:1   | Reached skill level 5 in Long Blades
 10014 | Lair:1   | Reached skill level 5 in Axes
 10014 | Lair:1   | Reached skill level 5 in Maces & Flails
 10014 | Lair:1   | Reached skill level 5 in Polearms
 10014 | Lair:1   | Reached skill level 5 in Staves
 10014 | Lair:1   | Reached skill level 5 in Slings
 10014 | Lair:1   | Reached skill level 5 in Bows
 10014 | Lair:1   | Reached skill level 5 in Crossbows
 10014 | Lair:1   | Reached skill level 5 in Throwing
 10014 | Lair:1   | Reached skill level 5 in Armour
 10014 | Lair:1   | Reached skill level 5 in Shields
 10014 | Lair:1   | Reached skill level 5 in Unarmed Combat
 10014 | Lair:1   | Reached skill level 5 in Evocations
 10105 | Lair:1   | Noticed a spiny frog
 10112 | Lair:1   | Killed a spiny frog
 10112 | Lair:1   | Reached skill level 8 in Stealth
 10132 | Lair:1   | Noticed a five-headed hydra
 10145 | Lair:1   | Killed a five-headed hydra
 10518 | Lair:1   | Identified the +3 morningstar of Pownot {venom, rN+ Int+6} (You found it on level 8 of the Dungeon)
 10806 | Lair:1   | Noticed a black mamba
 10813 | Lair:1   | Killed a black mamba
 10844 | Lair:1   | Reached ** piety under Wu Jian
 10844 | Lair:1   | Reached XP level 11. HP: 81/81 MP: 22/22
 11265 | Lair:2   | Noticed Erica
 11275 | Lair:2   | Killed Erica
 11434 | Lair:2   | Reached skill level 5 in Conjurations
 11434 | Lair:2   | Reached skill level 5 in Charms
 11434 | Lair:2   | Reached skill level 5 in Summonings
 11434 | Lair:2   | Reached skill level 5 in Necromancy
 11434 | Lair:2   | Reached skill level 5 in Translocations
 11434 | Lair:2   | Reached skill level 5 in Transmutations
 11434 | Lair:2   | Reached skill level 5 in Fire Magic
 11434 | Lair:2   | Reached skill level 5 in Ice Magic
 11434 | Lair:2   | Reached skill level 5 in Air Magic
 11434 | Lair:2   | Reached skill level 5 in Earth Magic
 11434 | Lair:2   | Reached skill level 5 in Poison Magic
 12496 | Lair:2   | Found a hide-covered altar of Uskayaw.
 13204 | Lair:3   | Noticed a five-headed hydra
 13238 | Lair:3   | Killed a five-headed hydra
 13300 | Lair:3   | Noticed an oklob plant
 13475 | Lair:3   | Reached skill level 9 in Stealth
 13866 | Lair:3   | Reached XP level 12. HP: 89/89 MP: 5/24
 13883 | Lair:3   | Reached *** piety under Wu Jian
 14361 | Lair:4   | Found a staircase to the Shoals.
 14579 | Lair:4   | Noticed a catoblepas
 14624 | Lair:4   | Mangled by a catoblepas

Skill      XL: |  1  2  3  4  5  6  7  8  9 10 11 12 |
---------------+-------------------------------------+-----
Spellcasting   | 5 6 7 8 |  8.8
Stealth        | 6 7 8 9 |  9.3
Invocations    | 1 2 3 4 5 6 7 |  7.7
Fighting       | 1 2 3 4 5 6 7 |  7.1
Long Blades    | 1 2 3 4 5 6 7 |  7.1
Axes           | 1 2 3 4 5 6 7 |  7.1
Maces & Flails | 1 2 3 4 5 6 7 |  7.1
Polearms       | 1 2 3 4 5 6 7 |  7.1
Staves         | 1 2 3 4 5 6 7 |  7.1
Slings         | 1 2 3 4 5 6 7 |  7.1
Bows           | 1 2 3 4 5 6 7 |  7.1
Crossbows      | 1 2 3 4 5 6 7 |  7.1
Throwing       | 1 2 3 4 5 6 7 |  7.1
Armour         | 1 2 3 4 5 6 7 |  7.1
Shields        | 1 2 3 4 5 6 7 |  7.1
Unarmed Combat | 1 2 3 4 5 6 7 |  7.1
Evocations     | 1 2 3 4 5 6 7 |  7.1
Conjurations   | 1 2 3 4 5 |  5.9
Charms         | 1 2 3 4 5 |  5.9
Summonings     | 1 2 3 4 5 |  5.9
Necromancy     | 1 2 3 4 5 |  5.9
Translocations | 1 2 3 4 5 |  5.9
Transmutations | 1 2 3 4 5 |  5.9
Fire Magic     | 1 2 3 4 5 |  5.9
Ice Magic      | 1 2 3 4 5 |  5.9
Air Magic      | 1 2 3 4 5 |  5.9
Earth Magic    | 1 2 3 4 5 |  5.9
Poison Magic   | 1 2 3 4 5 |  5.9
Short Blades   | 3 4 5 6 7 |  7.6
Dodging        | 5 6 7 8 |  8.5
Hexes          | 6 7 8 |  8.1

Action                   |  1- 3 |  4- 6 |  7- 9 | 10-12 || total
-------------------------+-------+-------+-------+-------++-------
Melee: Dagger            |    85 |    44 |   145 |   235 ||   509
       Bite              |     3 |     2 |    13 |    21 ||    39
       Whip              |       |       |     1 |       ||     1
       Punch             |       |       |     2 |       ||     2
       Morningstar       |       |       |       |     4 ||     4
 Fire: Blowgun           |       |     4 |    22 |       ||    26
 Cast: Ensorcelled Hiber |    13 |    31 |    80 |   141 ||   265
       Confuse           |       |       |    21 |    11 ||    32
       Sticks to Snakes  |       |       |       |     3 ||     3
Invok: Lunge             |       |       |    17 |    31 ||    48
       Whirlwind         |       |       |     2 |    17 ||    19
       Wall Jump         |       |       |       |    13 ||    13
Evoke: Wand              |       |     2 |       |       ||     2
  Use: Scroll            |       |    11 |    10 |     6 ||    27
       Potion            |       |     2 |     1 |       ||     3
 Stab: Sleeping          |    13 |    27 |    55 |    88 ||   183
       Confused          |       |       |     6 |     7 ||    13
       Distracted        |       |       |     2 |     3 ||     5
  Eat: Chunk             |     2 |     4 |    10 |    13 ||    29
       Ration            |       |     1 |     2 |     1 ||     4
Armor: Robe              |    12 |       |       |       ||    12
       Ring mail         |    13 |    30 |    45 |    69 ||   157
Dodge: Dodged            |    58 |    38 |    94 |   120 ||   310
Block: Shield            |       |       |       |    59 ||    59
